 Dungeon Crawl Stone Soup version 0.31-a0-986-g5e6e4ef867 (webtiles) character file.

Game seed: 5957364022632620667

16 wtrnl the Changeling (level 2, -6/23 HPs)
             Began as a Meteoran Shapeshifter on Nov 19, 2023.
             Mangled by an iguana (8 damage)
             ... on level 4 of the Dungeon.
             The game lasted 00:01:09 (285 turns).

wtrnl the Changeling (Meteoran Shapeshifter)         Turns: 285, Time: 00:01:10

Health: -6/23      AC:  2    Str: 15    XL:     2   Next: 94%
Magic:  3/3        EV: 12    Int: 11    God:
Gold:   12         SH:  0    Dex: 13    Spells: 1/1 levels left

rFire   . . .        e - +0 rapier
rCold   . . .        (no shield)
rNeg    . . .        a - +0 animal skin
rPois   .            (helmet currently unavailable)
rElec   .            (cloak currently unavailable)
rCorr   .            (gloves currently unavailable)
SInv    .            (boots currently unavailable)
Will    .....        (no amulet)
Stlth   +            f - ring of wizardry
HPRegen 0.23/turn    (no ring)
MPRegen 0.08/turn

%: wizardry (x1)
@: beast-form, glowing
A: beast (slay +2), sense surroundings 1, otherworldly, glowing, explore regen
a: Begin Untransformation


You were on level 4 of the Dungeon.
You were a hulking beast.
You visited 1 branch of the dungeon, and saw 4 of its levels.

You collected 12 gold pieces.

Inventory:

Hand Weapons
 e - a +0 rapier (weapon)
Armour
 a - a +0 animal skin (worn)
 i - a +1 pair of boots of stealth
Jewellery
 f - a ring of wizardry (left hand)
Talismans
 c - a beast talisman
 d - a flux talisman
Scrolls
 h - a scroll of amnesia {unknown}
 l - a scroll of teleportation {unknown}
Potions
 b - a potion of lignification
 g - a potion of might {unknown}
 j - a potion of curing {unknown}
 k - a potion of invisibility {unknown}
 m - a potion of haste {unknown}


   Skills:
 + Level 1.2 Fighting
 + Level 2.4 Dodging
 + Level 3.9 Unarmed Combat
 + Level 4.0 Shapeshifting


You had one spell level left.
You didn't know any spells.
Your spell library was empty.

Dungeon Overview and Level Annotations

Branches:
Dungeon (4/15) Zot: 2108
 Temple: D:4-7

Altars:


Innate Abilities, Weirdness & Mutations

You are a hulking beast.
Your limbs bulge with bestial killing power. (Slay +2)
You passively map a small area around you.
You are easily found by Zot.
You glow in the dark.
You regain HP and MP as you explore.


Message History

You hit the iguana.
The iguana is lightly wounded.
The iguana barely misses you.
You barely miss the iguana.
The iguana is lightly wounded.
The iguana closely misses you.
You barely miss the iguana.
The iguana is lightly wounded.
The iguana closely misses you.
You barely miss the iguana.
The iguana is lightly wounded.
The iguana bites you.
You closely miss the iguana.
The iguana is lightly wounded.
The iguana bites you but does no damage.
The iguana bites you!
* * * LOW HITPOINT WARNING * * *
You are too injured to fight recklessly!
You are too injured to fight recklessly!
You are too injured to fight recklessly!
You are too injured to fight recklessly!
You are too injured to fight recklessly!
You are too injured to fight recklessly!
You are too injured to fight recklessly!
You are too injured to fight recklessly!
You are too injured to fight recklessly!
You are too injured to fight recklessly!
You are too injured to fight recklessly!
You are too injured to fight recklessly!
You are too injured to fight recklessly!
You are too injured to fight recklessly!
You are too injured to fight recklessly!
You are too injured to fight recklessly!
You are too injured to fight recklessly!
You are too injured to fight recklessly!
Unknown command.
You hit the iguana.
The iguana is moderately wounded.
The iguana bites you!
You die...

* * , * ** .. , , ...
* * , , , **
...########### ,* ,, *
* .............# ,#*
.............# .#
.............####.#.##
......l.......<......#
* ,
.....(.h........#.#..#
...#####........# , ,
#.......## * #.......#
, , , * * #.......# *
* * , #.......#* *
*#.......# , *,
#.......# * * * *
#.......#


You could see an iguana.

Vanquished Creatures
  A dart slug (D:4)
  3 endoplasms
  A hobgoblin (D:3)
  3 jackals (D:3)
  A kobold (D:3)
  2 ball pythons
11 creatures vanquished.

Notes
Turn   | Place    | Note
-------+----------+-------------------------------------------
     0 | D:1      | wtrnl the Meteoran Shapeshifter began the quest for the
                  | Orb.
     0 | D:1      | Reached XP level 1. HP: 16/16 MP: 2/2
   142 | D:3      | Reached XP level 2. HP: 23/23 MP: 3/3
   194 | D:3      | Reached skill level 4 in Shapeshifting
   285 | D:4      | Mangled by an iguana

Illustrated notes

Levels and vault maps discovered:
D:1:      roderic_crop_circles_arrival_small, layout_basic,
          serial_park_tiny_pond, serial_bayou_pond_a
D:2:      layout_basic, serial_shops, nicolae_shop_tiny_statue_garden,
          basic_altar
D:3:      layout_loops_corners
D:4:      layout_basic

Skill      XL: |  1  2 |
---------------+-------+-----
Shapeshifting  | 4 |  4.0
Fighting       | |  1.2
Dodging        | |  2.4
Unarmed Combat | |  3.9

Action                     || total
---------------------------++-------
  Melee: Unarmed           ||     8
         Rapier            ||    36
 Armour: Animal skin       ||    19
  Dodge: Dodged            ||    39

Table legend: (Time is in decaauts)
 A = Elapsed time spent in this place.
 B = Non-inter-level travel time spent in this place.
 C = Inter-level travel time spent in this place.
 D = Time resting spent in this place.
 E = Time spent auto-exploring this place.
 F = Levels seen in this place.
 G = Mean time per level.
                   A        B        C        D        E       F      G
               +--------+--------+--------+--------+--------+-----+--------+
         Total |    290 |    259 |     31 |      0 |    145 |   4 |   72.5 |
       Dungeon |    290 |    259 |     31 |      0 |    145 |   4 |   72.5 |
               +--------+--------+--------+--------+--------+-----+--------+

Top non-repeatable levels by time:
     D:3: 145 daAuts
     D:2: 73 daAuts
     D:4: 36 daAuts
     D:1: 33 daAuts
